 Dungeon Crawl Stone Soup version 0.28.0-1-gb440e238dd (webtiles) character file.

Game seed: 341609470159502006

1486 PoweredByGinger the Cleaver (level 8, -10/64 HPs)
             Began as a Minotaur Fighter on Feb 20, 2022.
             Was an Initiate of Okawaru.
             Mangled by a two-headed ogre (19 damage)
             ... on level 7 of the Dungeon.
             The game lasted 00:06:42 (7226 turns).

PoweredByGinger the Cleaver (Minotaur Fighter)      Turns: 7226, Time: 00:06:43

Health: -10/64     AC: 13    Str: 22    XL:     8   Next: 50%
Magic:  0/7        EV:  6    Int:  5    God:    Okawaru [......]
Gold:   173        SH:  6    Dex: 11    Spells: 7/7 levels left

rFire   . . .      SeeInvis .   a - +0 war axe
rCold   . . .      Faith    .   c - +0 buckler
rNeg    . . .      Spirit   +   g - +0 plate armour
rPois   .          Reflect  .   (helmet restricted)
rElec   .          Harm     .   t - +0 cloak
rCorr   .          Rampage  .   (no gloves)
Will    .....                   B - +0 pair of boots {Stlth+}
Stlth   ..........              o - amulet of guardian spirit
HPRegen 0.20/turn               (no ring)
MPRegen 0.10/turn               (no ring)

@: no status effects
A: horns 2, retaliatory headbutt
a: Renounce Religion


You were on level 7 of the Dungeon.
You worshipped Okawaru.
Okawaru was noncommittal.
You visited 2 branches of the dungeon, and saw 8 of its levels.

You collected 399 gold pieces.
You spent 226 gold pieces at shops.

Inventory:

Hand Weapons
 a - a +0 war axe (weapon)
Missiles
 n - 51 bolts
 v - 124 arrows
 x - an atropa-tipped dart (quivered)
 y - 5 poisoned darts
Armour
 c - a +0 buckler (worn)
 g - a +0 plate armour (worn)
 t - a +0 cloak (worn)
 B - a +0 pair of boots of stealth (worn)
Jewellery
 o - an amulet of guardian spirit (around neck)
 u - a ring of resist corrosion
 D - a ring of magical power
Wands
 C - a wand of polymorph (12)
Scrolls
 e - 6 scrolls of identify {unknown}
 f - 4 scrolls of teleportation {unknown}
 i - 2 scrolls of vulnerability {unknown}
 j - a scroll of blinking {unknown}
 l - a scroll of fear {unknown}
 p - 3 scrolls of enchant armour {unknown}
 r - a scroll of amnesia {unknown}
 s - a scroll of magic mapping {unknown}
 F - a scroll of enchant weapon {unknown}
Potions
 b - 3 potions of haste {unknown}
 d - a potion of resistance {unknown}
 h - a potion of cancellation {unknown}
 k - 3 potions of heal wounds {unknown}
 m - a potion of brilliance {unknown}
 q - 4 potions of mutation {unknown}
 w - a potion of invisibility {unknown}
 z - a potion of attraction {unknown}
 A - a potion of flight {unknown}
 E - a potion of magic {unknown}
 G - 2 potions of degeneration {unknown}


   Skills:
 - Level 3.6 Fighting
 * Level 9.9 Axes
 - Level 3.6 Armour
 + Level 9.1 Shields


You had 7 spell levels left.
You didn't know any spells.
Your spell library contained the following spells:

 Spells                   Type           Power      Damage    Failure   Level
 Gell's Gravitas          Tloc           0%         N/A       100%        3
 Inner Flame              Hex/Fire       0%         N/A       100%        3
 Lesser Beckoning         Tloc           0%         N/A       100%        3
 Teleport Other           Tloc           0%         N/A       100%        3
 Cause Fear               Hex            0%         N/A       100%        4
 Discord                  Hex            0%         N/A       100%        8


Dungeon Overview and Level Annotations

Branches:
Dungeon (7/15)             Temple (1/1) D:6

Altars:
Ashenzari
Cheibriados
Dithmenos
Elyvilon
Gozag
Hepliaklqana
Kikubaaqudgha
Makhleb
Nemelex Xobeh
Okawaru
Qazlal
Ru
Sif Muna
Trog
Uskayaw
Vehumet
Wu Jian
Xom
Yredelemnul
Zin
The Shining One

Shops:
D:3 *   D:4 :


Innate Abilities, Weirdness & Mutations

You have a pair of horns on your head.
You reflexively headbutt those who attack you in melee.


Message History

Press: ? - help, Q - select action, (/) - cycle Shift-Dir - straight line, f/p - two-headed ogre
Aim: a two-headed ogre, wielding a +0 dire flail and a +0 giant club (72% to hit, chance to blind on hit: 3%)
You throw an atropa-tipped dart.
The atropa-tipped dart hits the two-headed ogre.
The two-headed ogre resists.
Throw: 3 darts (atropa)
Press: ? - help, Q - select action, (/) - cycle Shift-Dir - straight line, f/p - two-headed ogre
Aim: a two-headed ogre, wielding a +0 dire flail and a +0 giant club (72% to hit, chance to blind on hit: 3%)
You throw an atropa-tipped dart.
The atropa-tipped dart completely misses the two-headed ogre.
Throw: 2 darts (atropa)
Press: ? - help, Q - select action, (/) - cycle Shift-Dir - straight line, f/p - two-headed ogre
Aim: a two-headed ogre, wielding a +0 dire flail and a +0 giant club (72% to hit, chance to blind on hit: 3%)
You throw an atropa-tipped dart.
The atropa-tipped dart hits the two-headed ogre.
The two-headed ogre resists.
Okay, then.
Okay, then.
You hit the two-headed ogre.
Your headbutt misses the two-headed ogre.
The two-headed ogre is lightly wounded.
The two-headed ogre hits you with a +0 dire flail!!
The two-headed ogre hits you with a +0 giant club.
You slash the two-headed ogre! You headbutt the two-headed ogre!
The two-headed ogre is heavily wounded.
The two-headed ogre hits you with a +0 dire flail!
The two-headed ogre hits you with a +0 giant club!
You are too injured to fight recklessly!
You barely miss the two-headed ogre.
The two-headed ogre is heavily wounded.
You slash the two-headed ogre! You headbutt the two-headed ogre!
The two-headed ogre is almost dead.
You block the two-headed ogre's attack.
The two-headed ogre hits you with a +0 giant club!
* * * LOW HITPOINT WARNING * * *
You hit the two-headed ogre but do no damage.
You headbutt the two-headed ogre.
The two-headed ogre is almost dead.
The two-headed ogre hits you with a +0 dire flail!!
You die...

.... #... #...........#
...............(.#
............(..#
........##..(.)###
......#.......)..######
..........(...).......#
.......................
........O.........)####
........@.#........#
#.......#####......###..
##.......#####..........
##........# ###....#...
##.#.#..### #.....##
###.<....# #........
##.#..## ....##...
###### ....# ... ##### .


You could see a two-headed ogre.

Vanquished Creatures
  Sigmund (D:3)
  A sky beast (D:6)
  A necrophage (D:4)
  2 ogres
  2 centaurs
  A bullfrog (D:6)
  A scorpion (D:5)
  A bullfrog skeleton (D:6)
  A centaur zombie (D:6)
  4 jellies
  Crazy Yiuf (D:3)
  3 orc priests
  Jessica (D:2)
  Natasha (twice) (D:2)
  2 iguanas (D:5)
  2 orc wizards
  2 hound skeletons
  3 gnolls (D:5)
  2 adders
  A howler monkey skeleton (D:5)
  A shadow imp (D:5)
  2 white imps (D:6)
  3 adder skeletons (D:4)
  2 worms
  5 dart slugs
  10 orcs
  8 ball pythons
  4 endoplasms
  3 giant cockroaches
  5 goblins
  4 hobgoblins
  5 jackals
  2 quokkas (D:3)
  7 bats
  2 frilled lizards
  6 kobolds
  4 rats
107 creatures vanquished.

Notes
Turn   | Place    | Note
-------+----------+-------------------------------------------
     0 | D:1      | PoweredByGinger the Minotaur Fighter began the quest for
                  | the Orb.
     0 | D:1      | Reached XP level 1. HP: 19/19 MP: 0/0
    54 | D:1      | Reached XP level 2. HP: 26/26 MP: 1/1
   603 | D:1      | Reached XP level 3. HP: 31/31 MP: 2/2
   712 | D:2      | Noticed an ogre
   713 | D:2      | Noticed Natasha
   725 | D:1      | Killed an ogre
   726 | D:1      | Reached skill level 5 in Shields
   726 | D:1      | Reached XP level 4. HP: 20/39 MP: 3/3
   870 | D:2      | Killed Natasha
   871 | D:2      | Reached XP level 5. HP: 42/45 MP: 4/4
  1231 | D:2      | Noticed Jessica
  1231 | D:2      | Noticed Natasha
  1236 | D:2      | Killed Natasha
  1237 | D:2      | Reached skill level 5 in Axes
  1358 | D:2      | Killed Jessica
  1653 | D:3      | Noticed Sigmund
  1668 | D:3      | Killed Sigmund
  1669 | D:3      | Reached XP level 6. HP: 40/51 MP: 2/5
  1911 | D:3      | Found Ducvoa's Assorted Antiques.
  2084 | D:3      | Found a faded altar of an unknown god.
  2151 | D:3      | Found a runed translucent door.
  2152 | D:3      | Noticed Crazy Yiuf
  2394 | D:3      | Killed Crazy Yiuf
  2964 | D:4      | Found Vaumuciu's Book Shop.
  3152 | D:4      | Reached XP level 7. HP: 57/57 MP: 6/6
  3655 | D:5      | Entered Level 5 of the Dungeon
  4951 | D:3      | Bought a pair of embroidered boots for 202 gold pieces
  4951 | D:3      | Bought a viscous pink potion for 24 gold pieces
  5153 | D:5      | Reached XP level 8. HP: 47/64 MP: 4/7
  6159 | D:6      | Found a staircase to the Ecumenical Temple.
  6172 | Temple   | Entered the Ecumenical Temple
  6808 | Temple   | Became a worshipper of Warmaster Okawaru
  6931 | D:7      | Noticed a two-headed ogre
  7226 | D:7      | Mangled by a two-headed ogre

Illustrated notes

Levels and vault maps discovered:
D:1:      dpeg_arrival_rooms_b, layout_basic
D:2:      layout_basic, chequers_garden, corexii_leaking_fountain, uniq_jessica,
          uniq_natasha
D:3:      layout_basic, serial_shops, nicolae_shop_stone,
          dreamdust_ecumenical_altar_statues, minmay_misc_feat_pillars,
          chequers_serial_rivers_small_a, feat_on_display, uniq_sigmund,
          uniq_crazy_yiuf_cottage
D:4:      layout_basic, serial_shops, shop_statue,
          chequers_serial_rivers_large_a
D:5:      layout_basic, minivault_25, minmay_misc_feat_plants,
          hangedman_decor_clover_reticule
D:6:      layout_rooms, minmay_temple_entry_proselytizer
D:7:      layout_cave_pools, serial_shops, nicolae_shop_bloodbath_and_beyond,
          kennysheep_generic_room_11
Temple:   mainiacjoe_temple_starburst

Skill      XL: |  1  2  3  4  5  6  7  8 |
---------------+-------------------------+-----
Shields        | 4 5 6 7 8 9 |  9.1
Axes           | 3 4 6 8 9 |  9.9
Fighting       | |  3.6
Armour         | |  3.6

Action                   |  1- 3 |  4- 6 |  7- 9 || total
-------------------------+-------+-------+-------++-------
Melee: War axe           |    41 |    91 |   157 ||   289
       Headbutt          |     3 |     7 |    26 ||    36
Throw: Dart              |       |       |     4 ||     4
  Use: Potion            |       |     1 |       ||     1
Armor: Scale mail        |     6 |       |       ||     6
       Plate armour      |    26 |    37 |   105 ||   168
Dodge: Dodged            |    21 |    27 |    48 ||    96
Block: Buckler           |     9 |    21 |    54 ||    84
